General information
- name: BNet
- type: Ladder team game (AT/RT)
- host: Battle.net
- saver: brucewillisusa
map: Goldshire
- players: 4
- length: 10:22
- speed: Fast
- version: 1.24 W3XP
- replay type: Public
» download(49 KB)
Players
team 1 (winner)

»
avid.milk2 (
yellow | 78 APM | 803 actions | 10:21)
4 Tauren Chieftain
2 Endurance Aura
2 War Stomp
2 Shadow Hunter
1 Healing Wave
1 Hex
» actions
| Assign group hotkey | 34 | |
| Basic commands | 32 | |
| Build / train | 42 | |
| Enter build submenu | 16 | |
| Enter hero's abilities submenu | 6 | |
| Give item / drop item | 2 | |
| Right click | 348 | |
| Select / deselect | 143 | |
| Select group hotkey | 140 | |
| Use ability | 40 | |
803 total
» units
| Peon | 9 | |
| Troll Headhunter/Berserker | 11 | |
20 total
» upgrades
| Armor | 2 | |
| Troll Regeneration | 1 | |
| Ranged Weapons | 1 | |
4 total
» buildings
| Altar of Storms | 1 | |
| Orc Burrow | 5 | |
| War Mill | 1 | |
| Barracks | 5 | |
| Voodoo Lounge | 1 | |
| Stronghold | 3 | |
| Fortress | 1 | |
| Beastiary | 1 | |
| Spirit Lodge | 1 | |
19 total
» build order
00:09 Altar of Storms
00:13 Orc Burrow
00:46 War Mill
00:51 Barracks
00:54 Barracks
00:56 Barracks
01:04 Barracks
01:07 Barracks
02:06 Orc Burrow
03:13 Voodoo Lounge
03:40 Orc Burrow
05:21 Stronghold
05:21 Stronghold
05:27 Orc Burrow
07:45 Orc Burrow
08:08 Fortress
09:38 Beastiary
09:41 Spirit Lodge
» items
| Healing Salve | 1 | |
| Lesser Clarity Potion | 1 | |
| Scroll of Speed | 1 | |
3 total

»
brucewillisusa (
orange | 75 APM | 775 actions | 10:22)
4 Priestess of the Moon
2 Searing Arrows
2 Trueshot Aura
» actions
| Assign group hotkey | 91 | |
| Basic commands | 32 | |
| Build / train | 34 | |
| Enter build submenu | 11 | |
| Enter hero's abilities submenu | 4 | |
| Give item / drop item | 2 | |
| Right click | 260 | |
| Select / deselect | 129 | |
| Select group hotkey | 185 | |
| Use ability | 27 | |
775 total
» units
» buildings
| Altar of Elders | 1 | |
| Moon Well | 4 | |
| Hunter's Hall | 1 | |
| Ancient of War | 2 | |
| Tree of Life | 1 | |
| Tree of Ages | 1 | |
| Tree of Eternity | 1 | |
| Ancient of Wind | 1 | |
| Ancient of Lore | 1 | |
13 total
» build order
00:12 Altar of Elders
00:15 Moon Well
01:45 Hunter's Hall
01:52 Ancient of War
02:10 Ancient of War
02:34 Moon Well
02:47 Moon Well
05:15 Tree of Life
05:56 Tree of Ages
06:33 Moon Well
08:22 Tree of Eternity
09:13 Ancient of Wind
09:17 Ancient of Lore
» items
| Scroll of Protection | 1 | |
| Scroll of Healing | 1 | |
| Boots of Speed | 1 | |
3 total
team 2 (loser)
iloveryan (
pink | 44 APM | 454 actions | 10:21)
2 Priestess of the Moon
1 Trueshot Aura
1 Searing Arrows
1 Firelord
1 Summon Lava Spawn
» actions
| Assign group hotkey | 20 | |
| Basic commands | 31 | |
| Build / train | 34 | |
| Enter build submenu | 17 | |
| Enter hero's abilities submenu | 4 | |
| Right click | 63 | |
| Select / deselect | 124 | |
| Select group hotkey | 122 | |
| Use ability | 39 | |
454 total
» units
» upgrades
| Strength of the Moon | 1 | |
| Moon Armor | 1 | |
2 total
» buildings
| Altar of Elders | 1 | |
| Moon Well | 5 | |
| Ancient of War | 2 | |
| Hunter's Hall | 1 | |
| Tree of Ages | 1 | |
| Ancient of Wonders | 1 | |
| Ancient Protector | 1 | |
| Ancient of Lore | 1 | |
13 total
» build order
00:08 Altar of Elders
00:21 Moon Well
01:03 Ancient of War
01:50 Hunter's Hall
02:00 Moon Well
02:31 Ancient of War
03:03 Moon Well
05:13 Tree of Ages
05:17 Moon Well
05:46 Ancient of Wonders
07:23 Ancient Protector
07:52 Ancient of Lore
08:19 Moon Well
NoAllie (
green | 73 APM | 744 actions | 10:14)
3 Death Knight
2 Death Coil
1 Unholy Aura
1 Pit Lord
1 Howl of Terror
» actions
| Assign group hotkey | 18 | |
| Basic commands | 23 | |
| Build / train | 32 | |
| ESC pressed | 3 | |
| Enter build submenu | 16 | |
| Enter hero's abilities submenu | 4 | |
| Right click | 338 | |
| Select / deselect | 160 | |
| Select group hotkey | 102 | |
| Use ability | 48 | |
744 total
» units
| Acolyte | 7 | |
| Ghoul | 2 | |
| Crypt Fiend | 6 | |
15 total
» buildings
| Graveyard | 1 | |
| Crypt | 1 | |
| Ziggurat | 8 | |
| Altar of Darkness | 1 | |
| Tomb of Relics | 2 | |
| Halls of the Dead | 1 | |
| Slaughterhouse | 1 | |
15 total
» build order
00:10 Graveyard
00:12 Crypt
00:31 Ziggurat
00:51 Altar of Darkness
01:05 Tomb of Relics
01:08 Ziggurat
01:10 Ziggurat
02:01 Tomb of Relics
03:35 Ziggurat
05:27 Halls of the Dead
06:32 Ziggurat
06:39 Ziggurat
06:40 Ziggurat
06:41 Ziggurat
08:25 Slaughterhouse
» items
| Rod of Necromancy | 4 | |
| Potion of Healing | 1 | |
| Scroll of Town Portal | 4 | |
9 total
Chat log
(00:30 / Allies) brucewillisusa: go tc hh
(00:59 / Allies) brucewillisusa: get 2 rax
(01:08 / Allies) brucewillisusa: shit
(01:10 / Allies) brucewillisusa: keep 5 miners
(01:14 / Allies) brucewillisusa: i shoudlnt have fed u
(01:18 / Allies) brucewillisusa: w/e
(01:25 / Allies) brucewillisusa: give me wood change
(01:38 / Allies) brucewillisusa: make more peon
(02:18 / Allies) avid.milk2: aura first?
(02:20 / Allies) brucewillisusa: ya
(03:00 / Allies) brucewillisusa: saghre
(03:06 / Allies) brucewillisusa: getta shop
(03:37 / Allies) brucewillisusa: tech at 35 food
(03:53 / Allies) brucewillisusa: use my wells after u get tome
(04:14 / Allies) avid.milk2: dual experience
(04:46 / Allies) brucewillisusa: go in and stomp it
(05:03 / Allies) brucewillisusa: noti hta tmuch
(05:05 / Allies) brucewillisusa: save for enemies now
(05:18 / Allies) brucewillisusa: tech now
(06:36 / Allies) brucewillisusa: \he is far from wells
(06:37 / Allies) brucewillisusa: rofl
(06:57 / Allies) brucewillisusa: i have to be nroth of u
(07:00 / Allies) brucewillisusa: ge ti nthere
(07:57 / Allies) brucewillisusa: teckagaon
(08:38 / Allies) brucewillisusa: stiomp it
(08:44 / Allies) brucewillisusa: ur hero isnt siege
(08:45 / Allies) brucewillisusa: at all
(08:57 / Allies) brucewillisusa: ehallling
(09:39 / Allies) brucewillisusa: WHRE IS TK?
(09:40 / Allies) brucewillisusa: SIOEGEING?
(09:56 / All) brucewillisusa: LEARN TO PLAY
(09:58 / All) brucewillisusa: FUCKWIT NOOBS
(10:12 / All) brucewillisusa: NOOBS